[Event "Early-Titled-Tuesday-Blitz-July-09-2024"]
[Site "Chess.com"]
[Date "2024.07.09"]
[Round "3"]
[White "AGW2016"]
[Black "maciek_92"]
[Result "0-1"]
[WhiteElo "2575"]
[BlackElo "2830"]
[TimeControl "180+1"]
[EndTime "8:27:04 PDT"]
[Termination "maciek_92 won by resignation"]

1. d4 b6 2. Nf3 Bb7 3. Bf4 h6 4. h3 g5 5. Bh2 Bg7 6. Nbd2 Nf6 7.
c3 d6 8. e3 Nbd7 9. Be2 a6 10.
a4 e6 11. Qc2 Qe7 12. b4 a5 13. b5 h5 14. Nxg5 Bxg2 15. Rg1 Bb7 16. O-O-O Bh6 17.
h4 O-O-O 18. Kb2 Kb8 19. e4 Ka7 20. Bd3 Rc8 21. f3 e5 22. d5 Nc5 23. Nc4 Rcg8 24.
Ne3 Bc8 25. Bf1 Nfxe4 26. fxe4 f6 27. Ne6 Bxe3 28. Rxg8 Rxg8 29. Qe2 Nxe6 30. Qxe3 Nc5 31. Be2 Rg2 32. Ka3 Rxh2 0-1

[Event "Early-Titled-Tuesday-Blitz-July-09-2024"]
[Site "Chess.com"]
[Date "2024.07.09"]
[Round "3"]
[White "RandomNoob04"]
[Black "jbking07"]
[Result "1-0"]
[WhiteElo "2757"]
[BlackElo "2479"]
[TimeControl "180+1"]
[EndTime "8:27:04 PDT"]
[Termination "RandomNoob04 won by checkmate"]

1. e4 c5 2. d4 cxd4 3. c3 dxc3 4. Nxc3 d6 5. Nf3 Nc6 6. Bc4 a6 7. O-O Nf6 8. Bf4 Nh5 9. Be3 e6 10. Bb3 Be7 11. Na4 b5 12. Rc1 Bd7 13. Nb6 Rb8 14.
Nxd7 Qxd7 15. Rxc6 Qxc6 16. Nd4 Qc5 17. Nxe6 Qc8 18.
Qxh5 g6 19. Ng7+ Kf8 20. Qh6 Kg8 21. Bd4 Bf8 22. Qf4 Qd7 23. Nh5 Be7 24. Qxf7# 1-0

[Event "Early-Titled-Tuesday-Blitz-July-09-2024"]
[Site "Chess.com"]
[Date "2024.07.09"]
[Round "3"]
[White "Knightmare1014"]
[Black "eightbyeightchess"]
[Result "0-1"]
[WhiteElo "2236"]
[BlackElo "2445"]
[TimeControl "180+1"]
[EndTime "8:27:06 PDT"]
[Termination "eightbyeightchess won by checkmate"]

1. e4 d5 2. exd5 Nf6 3. Nf3 Bg4 4. Be2 Qxd5 5. d4 Nc6 6. c3 O-O-O 7. h3 Qh5 8. Bf4 e5 9. Nxe5 Nxe5 10. Bxe5 Bxe2 11.
Qxe2 Qg6 12. O-O Bd6 13. Bxd6 Rxd6 14. Nd2 Re8 15. Qb5 Rd5 16. Qc4 Rg5 17. g3 Rxg3+ 18.
fxg3 Qxg3+ 19. Kh1 Qxh3+ 20. Kg1 Qg3+ 21. Kh1 Ng4 22.
Nf3 Re6 23. Qxe6+ fxe6 24. Rad1 Ne3 25. Ne5 Qg2# 0-1

[Event "Early-Titled-Tuesday-Blitz-July-09-2024"]
[Site "Chess.com"]
[Date "2024.07.09"]
[Round "3"]
[White "HansOnTwitch"]
[Black "mwpchess"]
[Result "1-0"]
[WhiteElo "3136"]
[BlackElo "2757"]
[TimeControl "180+1"]
[EndTime "8:27:09 PDT"]
[Termination "HansOnTwitch won by resignation"]

1. e4 c6 2. d4 d5 3. e5 Bf5 4. Nd2 e6 5. Nb3 Nd7 6. Nf3 a6 7. Be2 c5 8. c3 h6 9. O-O Rc8 10. Be3 c4 11. Nbd2 Ne7 12. Nh4 Bh7 13. f4 Nf5 14. Nxf5 Bxf5 15. g4 Bh7 16. f5 Be7 17. Qe1 Bg5 18. Qg3 Bxe3+ 19. Qxe3 Qg5 20. Qxg5 hxg5 21. fxe6 fxe6 22. Nf3 Ke7 23. Nxg5 Rcf8 24. Kg2 Rxf1 25. Rxf1 Bg6 26. Kg3 Be8 27. h4 b5 28.
h5 a5 29. a3 a4 30. Bd1 Nb8 31. Bc2 Nc6 32. Nh3 Nd8 33. Nf4 Rf8 34. Rh1 Rh8 35.
g5 Rg8 36. Kg4 Nf7 37. Bh7 1-0

[Event "Early-Titled-Tuesday-Blitz-July-09-2024"]
[Site "Chess.com"]
[Date "2024.07.09"]
[Round "3"]
[White "Aygehovit1992"]
[Black "SHIVACalypso"]
[Result "1-0"]
[WhiteElo "2774"]
[BlackElo "2500"]
[TimeControl "180+1"]
[EndTime "8:27:09 PDT"]
[Termination "Aygehovit1992 won by resignation"]

1. e4 e6 2. d4 d5 3. Nc3 Nf6 4. Bg5 Be7 5. e5 Nfd7 6. h4 h6 7. Bxe7 Qxe7 8. f4 a6 9. Nf3 c5 10. dxc5 Nc6 11. Qd2 Nxc5 12. O-O-O b5 13. Bd3 b4 14.
Ne2 a5 15. Ned4 Nxd4 16. Nxd4 Ba6 17. Kb1 Bxd3 18. cxd3 O-O 19. Rh3 Rfc8 20. Rg3 Na4 21. f5 Qxh4 22. Qf2 Kh8 23. f6 g6 24. Qe3 Kg8 25. Rh3 Qg4 26. Rdh1 Qxg2 27. R3h2 Qg4 28. Rxh6 1-0

[Event "Early-Titled-Tuesday-Blitz-July-09-2024"]
[Site "Chess.com"]
[Date "2024.07.09"]
[Round "3"]
[White "ljuks68"]
[Black "lindsay790"]
[Result "1-0"]
[WhiteElo "2406"]
[BlackElo "2132"]
[TimeControl "180+1"]
[EndTime "8:27:13 PDT"]
[Termination "ljuks68 won by checkmate"]

1. e4 c5 2. Nf3 d6 3. d4 cxd4 4. Nxd4 Nf6 5. Nc3 a6 6. Bg5 Nbd7 7. f4 h6 8. Bxf6 gxf6 9. Qh5 Qb6 10. O-O-O Nc5 11.
Bc4 e6 12. f5 d5 13. fxe6 dxc4 14. Qxf7+ Kd8 15. Nc6# 1-0

[Event "Early-Titled-Tuesday-Blitz-July-09-2024"]
[Site "Chess.com"]
[Date "2024.07.09"]
[Round "3"]
[White "KVAIDAN"]
[Black "Viacheslav92"]
[Result "0-1"]
[WhiteElo "2323"]
[BlackElo "2572"]
[TimeControl "180+1"]
[EndTime "8:27:15 PDT"]
[Termination "Viacheslav92 won by checkmate"]

1. f4 d5 2. Nf3 Nf6 3. e3 Bg4 4. Be2 Bxf3 5. Bxf3 Nbd7 6. O-O c6 7.
c4 Qc7 8. cxd5 cxd5 9. Nc3 e6 10. b3 Rc8 11. Bb2 a6 12. Rc1 Qb8 13. Qe1 Bc5 14. Qg3 d4 15. Ne4 Nxe4 16. Bxe4 dxe3 17. dxe3 Bf8 18. Rxc8+ Qxc8 19. Rc1 Qb8 20. Qf3 Bc5 21. Bxg7 Rg8 22. Bb2 Qa7 23. Re1 Bb4 24. Rd1 Bc5 25. Rd3 Qb6 26. Bxb7 Qb4 27. Qd1 Qxb7 28. a3 Qxg2# 0-1

[Event "Early-Titled-Tuesday-Blitz-July-09-2024"]
[Site "Chess.com"]
[Date "2024.07.09"]
[Round "3"]
[White "Kimkibo"]
[Black "ValeriyGrinev"]
[Result "0-1"]
[WhiteElo "2444"]
[BlackElo "2667"]
[TimeControl "180+1"]
[EndTime "8:27:16 PDT"]
[Termination "ValeriyGrinev won by resignation"]

1. e4 c6 2. Nf3 d5 3. d3 Qc7 4.
h3 e5 5. Be2 Nf6 6. exd5 cxd5 7.
O-O Nc6 8. Re1 Bd6 9. Nc3 a6 10.
Bg5 Be6 11. a3 h6 12. Bh4 g5 13. Bg3 Nh5 14. Bh2 Nf4 15. Bf1 O-O-O 16. b4 Rhg8 17. Ne2 g4 18. Nxf4 exf4 19. hxg4 Bxg4 20. Be2 Rg7 21.
Nh4 Rdg8 22. Kh1 f3 23. gxf3 Bh3 24. Bxd6 Qxd6 25. Qd2 Qf6 0-1

[Event "Early-Titled-Tuesday-Blitz-July-09-2024"]
[Site "Chess.com"]
[Date "2024.07.09"]
[Round "3"]
[White "FGHSMN"]
[Black "Mops_2004"]
[Result "1-0"]
[WhiteElo "3002"]
[BlackElo "2735"]
[TimeControl "180+1"]
[EndTime "8:27:17 PDT"]
[Termination "FGHSMN won by resignation"]

1. e4 c6 2. d4 d5 3. e5 Bf5 4. g4 Bg6 5. Ne2 e6 6. Nf4 Ne7 7. h4 h5 8. gxh5 Be4 9. Rg1 c5 10.
dxc5 Nd7 11. Nc3 Nxc5 12. Be3 Nf5 13. Bb5+ Nd7 14. Nxe4 dxe4 15. Qd2 a6 16. Bb6 Qe7 17. Ba4 Rc8 18. O-O-O Rc6 19. Bxc6 bxc6 20. Bc7 Nxh4 21.
Qa5 Nf3 22. Qxa6 1-0

[Event "Early-Titled-Tuesday-Blitz-July-09-2024"]
[Site "Chess.com"]
[Date "2024.07.09"]
[Round "3"]
[White "nicolochessit"]
[Black "sirinbaba33"]
[Result "1-0"]
[WhiteElo "2371"]
[BlackElo "2563"]
[TimeControl "180+1"]
[EndTime "8:27:20 PDT"]
[Termination "nicolochessit won by resignation"]

1. d4 Nf6 2. Nc3 d5 3. Bg5 e6 4.
e4 dxe4 5. Nxe4 Nbd7 6. Nf3 Be7 7. Nxf6+ Bxf6 8. Be3 c5 9. Qd2 O-O 10. O-O-O Qc7 11.
h4 cxd4 12. Bxd4 a6 13. Bd3 Bxd4 14. Nxd4 Ne5 15. h5 h6 16. Kb1 Rd8 17. Qf4 Qb8 18. Qe4 Nxd3 19. Rxd3 e5 20. Nc6 Bf5 21. Ne7+ Kh8 22.
Nxf5 Qc8 23. Rhd1 Rf8 24. Qxe5 f6 25. Qf4 Rf7 26. Nd6 1-0

[Event "Early-Titled-Tuesday-Blitz-July-09-2024"]
[Site "Chess.com"]
[Date "2024.07.09"]
[Round "3"]
[White "carloseduar100"]
[Black "IMGC"]
[Result "0-1"]
[WhiteElo "2249"]
[BlackElo "2469"]
[TimeControl "180+1"]
[EndTime "8:27:21 PDT"]
[Termination "IMGC won by resignation"]

1. d4 Nf6 2. Bg5 c5 3. d5 Ne4 4.
h4 Qa5+ 5. c3 Nxg5 6. hxg5 g6 7.
Nd2 d6 8. e4 Bg7 9. f4 Qc7 10.
Ngf3 a6 11. a4 h6 12. gxh6 Rxh6 13. Rxh6 Bxh6 14. g3 Bg4 15. Qb3 Nd7 16. Nh2 Nf6 17.
Nxg4 Nxg4 18. Bh3 Nf6 19. O-O-O g5 20. e5 dxe5 21. fxe5 Qxe5 22. Qxb7 Rb8 23. Qc6+ Kf8 24. Bg2 Qxg3 25. Rh1 Kg7 26. Be4 g4 27. Bc2 Bxd2+ 28. Kxd2 Qg2+ 29. Kd3 Qxh1 0-1

[Event "Early-Titled-Tuesday-Blitz-July-09-2024"]
[Site "Chess.com"]
[Date "2024.07.09"]
[Round "3"]
[White "Vaporwaffle94"]
[Black "CSB7"]
[Result "0-1"]
[WhiteElo "2226"]
[BlackElo "2785"]
[TimeControl "180+1"]
[EndTime "8:27:24 PDT"]
[Termination "CSB7 won by resignation"]

1. e4 c5 2. Nf3 d6 3. d4 cxd4 4. Nxd4 Nf6 5. Nc3 Nc6 6. Nxc6 bxc6 7. Bd3 g6 8. O-O Bg7 9. Bg5 O-O 10. Qe2 Qa5 11. Bh4 Rb8 12. Rab1 Ng4 13. h3 g5 14. hxg4 gxh4 15. Kh1 Qg5 16. f3 Be5 17. g3 hxg3 18. Kg2 h5 19. gxh5 Bh3+ 20. Kg1 Bd4+ 21. Kh1 g2+ 22.
Kh2 Qh4 23. Qxg2+ Bxg2+ 24. Kxg2 Kh8 0-1

[Event "Early-Titled-Tuesday-Blitz-July-09-2024"]
[Site "Chess.com"]
[Date "2024.07.09"]
[Round "3"]
[White "UnTucopalaTimba"]
[Black "Arimin1329"]
[Result "0-1"]
[WhiteElo "2147"]
[BlackElo "2405"]
[TimeControl "180+1"]
[EndTime "8:27:25 PDT"]
[Termination "Arimin1329 won by resignation"]

1. e4 c6 2. d4 d5 3. Nc3 dxe4 4. Nxe4 Bf5 5. Ng3 Bg6 6. Nh3 e6 7. Nf4 Bd6 8. h4 Bxf4 9. Bxf4 h6 10. c3 Nf6 11. h5 Bh7 12. Bd3 Bxd3 13. Qxd3 Qd5 14. f3 Nbd7 15. Qe3 c5 16. dxc5 Nxc5 17. Rd1 Qc6 18. O-O O-O 19. Bd6 Rfc8 20. Rfe1 Na4 21. Ba3 Nb6 22. Rd6 Qb5 23. Red1 Nc4 24. Qd4 Nxd6 25. Bxd6 Rd8 26. Qf4 Nxh5 0-1

[Event "Early-Titled-Tuesday-Blitz-July-09-2024"]
[Site "Chess.com"]
[Date "2024.07.09"]
[Round "3"]
[White "Chess_master1982"]
[Black "Arysya"]
[Result "0-1"]
[WhiteElo "2644"]
[BlackElo "2874"]
[TimeControl "180+1"]
[EndTime "8:27:27 PDT"]
[Termination "Arysya won by checkmate"]

1. e4 b6 2. d4 Bb7 3. Nc3 e6 4. f3 g6 5. Be3 Bg7 6. Qd2 d5 7. e5 h5 8. O-O-O Nh6 9. f4 Nd7 10. Nf3 a6 11. Kb1 Rc8 12. h3 Nf5 13. Ne2 c5 14. Rg1 h4 15. Bf2 b5 16. dxc5 Nxc5 17. Bxc5 Rxc5 18. Ned4 Bf8 19. Bd3 Ng3 20. Ng5 Qc8 21.
Ndxe6 fxe6 22. Bxg6+ Ke7 23. Nf7 Rg8 24. Nd6 Rxg6 25.
Nxc8+ Rxc8 26. Rge1 Kf7 27. Qa5 Bc5 28. a4 b4 29. Rd3 Nf5 30. c3 Rxg2 31. cxb4 Bd4 32. Rc1 Rxb2+ 33. Ka1 Rxc1# 0-1

[Event "Early-Titled-Tuesday-Blitz-July-09-2024"]
[Site "Chess.com"]
[Date "2024.07.09"]
[Round "3"]
[White "YairParkhov"]
[Black "talaicito"]
[Result "1-0"]
[WhiteElo "2753"]
[BlackElo "2350"]
[TimeControl "180+1"]
[EndTime "8:27:30 PDT"]
[Termination "YairParkhov won by resignation"]

1. d4 e6 2. c4 f5 3. Nf3 Nf6 4. g3 Be7 5. Bg2 O-O 6. O-O d6 7. b3 a5 8. Nc3 Ne4 9. Bb2 Bf6 10. e3 Nc6 11. Nd2 Nxc3 12. Bxc3 e5 13. Bd5+ Kh8 14. Bxc6 bxc6 15. dxe5 dxe5 16. Nf3 Qe7 17. Qc2 c5 18. Qb2 e4 19. Bxf6 Rxf6 20. Nh4 f4 21. exf4 Rxf4 22. Ng2 Rf3 23. Rfe1 Bh3 24. Qe2 Re8 25. Rad1 h6 26. Nf4 Bg4 27. Ng6+ Kh7 28. Nxe7 Rxg3+ 29. hxg3 Bxe2 30.
Rxe2 Rxe7 31. Rde1 1-0

[Event "Early-Titled-Tuesday-Blitz-July-09-2024"]
[Site "Chess.com"]
[Date "2024.07.09"]
[Round "3"]
[White "rionelG"]
[Black "Andrey-Ivanov2011"]
[Result "1-0"]
[WhiteElo "2413"]
[BlackElo "2161"]
[TimeControl "180+1"]
[EndTime "8:27:30 PDT"]
[Termination "rionelG won by checkmate"]

1. e4 c5 2. g3 d6 3. Bg2 Nf6 4. Ne2 e5 5. c3 Nc6 6. d4 cxd4 7. cxd4 exd4 8. Nxd4 Be7 9. Nc3 O-O 10. h3 Be6 11. O-O Rc8 12. Be3 a6 13. f4 Bc4 14. Re1 Nb4 15. Qd2 Nd3 16. Red1 Nc5 17. Rac1 Nd3 18.
Rc2 Nb4 19. Rcc1 Nxa2 20. Nxa2 Bxa2 21. b3 Rxc1 22. Rxc1 d5 23. e5 Ne4 24. Bxe4 dxe4 25. Qxa2 Bc5 26. Qf2 Ba7 27. Nf5 Bxe3 28. Qxe3 Qa5 29.
Qxe4 Qa3 30. Qe3 h6 31. Nd6 Rd8 32. h4 a5 33. Rc7 Qa1+ 34. Kh2 Qb2+ 35. Kh3 Qa1 36.
Qc1 Qd4 37. Qc4 Qxc4 38. Nxc4 Rd1 39. Rxb7 Rb1 40. Nxa5 Kh7 41. Rxf7 Rb2 42. f5 h5 43. f6 Kh6 44. fxg7 Ra2 45. Nc4 Rc2 46. Ne3 Re2 47.
Nf5+ Kg6 48. g8=Q# 1-0

[Event "Early-Titled-Tuesday-Blitz-July-09-2024"]
[Site "Chess.com"]
[Date "2024.07.09"]
[Round "3"]
[White "IamSchrodingersCat"]
[Black "ViIIagra"]
[Result "0-1"]
[WhiteElo "2654"]
[BlackElo "2876"]
[TimeControl "180+1"]
[EndTime "8:27:32 PDT"]
[Termination "ViIIagra won by resignation"]

1. e4 g6 2. d4 d6 3. Nc3 a6 4. f4 b5 5. Bd3 Nd7 6. Nf3 c5 7. a4 c4 8. Be2 Bb7 9. axb5 axb5 10.
Rxa8 Bxa8 11. Nxb5 Bxe4 12. Bxc4 Ngf6 13. Ng5 e6 14.
Nxe4 Nxe4 15. O-O Be7 16. f5 gxf5 17. Qh5 Ndf6 18. Qf3 Qb6 19. c3 Rg8 20. Bd3 Rg6 21.
Na3 d5 22. Nc2 Bd6 23. Ne3 Qb8 24. h3 Bh2+ 0-1

[Event "Early-Titled-Tuesday-Blitz-July-09-2024"]
[Site "Chess.com"]
[Date "2024.07.09"]
[Round "3"]
[White "Makswolf200817"]
[Black "AwareIdea"]
[Result "1-0"]
[WhiteElo "2761"]
[BlackElo "2488"]
[TimeControl "180+1"]
[EndTime "8:27:33 PDT"]
[Termination "Makswolf200817 won by resignation"]

1. e4 e5 2. Nf3 Nc6 3. Bc4 Bc5 4. c3 Nf6 5. d3 a6 6. a4 Ba7 7. Nbd2 d5 8. exd5 Nxd5 9. O-O O-O 10. Re1 Nf4 11.
Ne4 Bg4 12. Bxf4 exf4 13. d4 Ne7 14. Neg5 Ng6 15. Qb3 Bxf3 16. Bxf7+ Kh8 17. Nxf3 Nh4 18. Nxh4 Qxh4 19. Qxb7 c5 20. Rad1 cxd4 21. cxd4 Qf6 22. Bd5 Bxd4 23. Qb4 Rab8 24. Qxd4 Qxd4 25. Rxd4 1-0

[Event "Early-Titled-Tuesday-Blitz-July-09-2024"]
[Site "Chess.com"]
[Date "2024.07.09"]
[Round "3"]
[White "temus_galaktionov"]
[Black "HaryKane"]
[Result "1-0"]
[WhiteElo "2860"]
[BlackElo "2609"]
[TimeControl "180+1"]
[EndTime "8:27:39 PDT"]
[Termination "temus_galaktionov won by resignation"]

1. d4 e6 2. c4 f5 3. Nf3 Nf6 4. g3 d5 5. Bg2 c6 6. O-O Bd6 7. Nbd2 O-O 8. Qc2 b6 9. Ne5 Bb7 10. Ndf3 Ne4 11. h4 Nd7 12. Bf4 Qe7 13. Nxd7 Qxd7 14.
Ne5 Qe7 15. f3 Nf6 16. Rac1 Rac8 17. c5 bxc5 18. dxc5 Bb8 19. Qc3 Nh5 20. e3 Nxf4 21. exf4 Rfd8 22. Qd4 Ba6 23. Rfe1 Qb7 24. b3 Bc7 25. h5 h6 26. g4 Rb8 27. Ng6 Re8 28. Bh3 fxg4 29. Bxg4 Qb4 30. Bxe6+ Kh7 31. Qxb4 Rxb4 32.
Bd7 Rxe1+ 33. Rxe1 Bd3 34. f5 Rb8 35. Re7 Ba5 36. f6 Bxg6 37. Rxg7+ Kh8 38. hxg6 Bc3 39. Rh7+ Kg8 40. Be6+ 1-0

[Event "Early-Titled-Tuesday-Blitz-July-09-2024"]
[Site "Chess.com"]
[Date "2024.07.09"]
[Round "3"]
[White "Aragon"]
[Black "ALRS-SPS"]
[Result "1-0"]
[WhiteElo "2181"]
[BlackElo "2390"]
[TimeControl "180+1"]
[EndTime "8:27:39 PDT"]
[Termination "Aragon won by resignation"]

1. e4 e5 2. Nf3 Nc6 3. Nc3 Nf6 4. Be2 Bb4 5. Nd5 Bc5 6. Nxe5 Nxe5 7. d4 Bxd4 8. Qxd4 d6 9. Bg5 Be6 10. Nf4 Qe7 11.
Nxe6 Qxe6 12. f3 h6 13. Bh4 Nc6 14. Qa4 O-O 15. O-O-O Nd7 16. Qb3 Qxb3 17. axb3 a5 18. Bb5 Nde5 19. f4 Ng6 20. Bg3 Na7 21. Bc4 Rfe8 22.
Rhe1 b5 23. Bd3 Nc6 24. h4 h5 25. Bxb5 Nge7 26. Rd3 Reb8 27. Ba4 Nb4 28. Rd2 Ng6 29.
e5 d5 30. f5 Nf8 31. e6 fxe6 32. fxe6 c6 33. e7 Ng6 34. Bxb8 Rxb8 35. e8=Q+ 1-0

[Event "Early-Titled-Tuesday-Blitz-July-09-2024"]
[Site "Chess.com"]
[Date "2024.07.09"]
[Round "3"]
[White "Arystanner"]
[Black "LikeWater"]
[Result "1-0"]
[WhiteElo "2902"]
[BlackElo "2697"]
[TimeControl "180+1"]
[EndTime "8:27:40 PDT"]
[Termination "Arystanner won by checkmate"]

1. d4 Nf6 2. c4 g6 3. Nc3 Bg7 4. e4 d6 5. Be2 O-O 6. h4 c5 7.
d5 b5 8. cxb5 a6 9. a4 axb5 10.
Bxb5 Ba6 11. Bd2 Nbd7 12. Nf3 Ng4 13. O-O Nge5 14. Nxe5 Nxe5 15. h5 Nc4 16. Bxa6 Nxd2 17. Qxd2 Rxa6 18. h6 Bf6 19. Nb5 Qb6 20. Ra3 c4 21. Rc1 Rc8 22. Qb4 Bd4 23. Rxc4 Bxf2+ 24. Kf1 Bc5 25. Qc3 f6 26. b4 Rxa4 27. Rxa4 Qxb5 28. bxc5 Rxc5 29. Rb4 Qa6 30. Kg1 Ra5 31. Rc8+ Kf7 32. Rbb8 g5 33. Rf8+ Kg6 34. Rg8+ Kh5 35. Qh3# 1-0

[Event "Early-Titled-Tuesday-Blitz-July-09-2024"]
[Site "Chess.com"]
[Date "2024.07.09"]
[Round "3"]
[White "MrMatesM"]
[Black "artin10862"]
[Result "0-1"]
[WhiteElo "2717"]
[BlackElo "2948"]
[TimeControl "180+1"]
[EndTime "8:27:42 PDT"]
[Termination "artin10862 won by resignation"]

1. Nf3 d5 2. g3 Bg4 3. Bg2 Nd7 4. O-O e5 5. h3 Bxf3 6. Bxf3 Ngf6 7. d3 c6 8. e4 dxe4 9. dxe4 Bc5 10. Nd2 O-O 11. Qe2 a5 12. a4 Re8 13. c3 g6 14. Nc4 Qc7 15. h4 h5 16. Bg5 Kg7 17. Kg2 Nf8 18.
Rfd1 Ne6 19. Be3 Bxe3 20. Qxe3 Nd7 21. Be2 Ndc5 22. f3 Red8 23. Kf2 b5 24. axb5 cxb5 25. Na3 b4 26. Nc4 bxc3 27. bxc3 a4 28. Na3 Rxd1 29.
Rxd1 Rb8 30. Bc4 Rb2+ 31. Rd2 Qb6 32. Kf1 Nxe4 0-1

[Event "Early-Titled-Tuesday-Blitz-July-09-2024"]
[Site "Chess.com"]
[Date "2024.07.09"]
[Round "3"]
[White "Mikhail_Golubev"]
[Black "Beca95"]
[Result "0-1"]
[WhiteElo "2647"]
[BlackElo "2988"]
[TimeControl "180+1"]
[EndTime "8:27:42 PDT"]
[Termination "Beca95 won on time"]

1. e4 e5 2. Nf3 Nf6 3. Nc3 d6 4. d4 Nbd7 5. Bc4 Be7 6. a4 h6 7. O-O c6 8. Re1 Qc7 9. a5 g5 10.
dxe5 dxe5 11. Nd2 Nf8 12. Nf1 Ng6 13. Ng3 Bg4 14. f3 Bc5+ 15. Kh1 Be6 16. Qe2 O-O-O 17. Bxe6+ fxe6 18. Qc4 Qe7 19. Na4 Bb4 20. c3 Bxa5 21. b4 Bb6 22. Nxb6+ axb6 23. Be3 Kc7 24. Ra7 Ra8 25.
Rea1 Rxa7 26. Rxa7 Nd7 27. Nf1 b5 28. Qa2 Rb8 29.
Nd2 Qd6 30. Kg1 Nf4 31. g3 Qd3 32. Qa5+ Kc8 0-1

[Event "Early-Titled-Tuesday-Blitz-July-09-2024"]
[Site "Chess.com"]
[Date "2024.07.09"]
[Round "3"]
[White "Gryffindorac8"]
[Black "Vahe_Danielyan"]
[Result "1-0"]
[WhiteElo "2498"]
[BlackElo "2742"]
[TimeControl "180+1"]
[EndTime "8:27:42 PDT"]
[Termination "Gryffindorac8 won by resignation"]

1. d4 Nf6 2. c4 g6 3. Nc3 Bg7 4. e4 O-O 5. Nf3 d6 6. h3 c5 7. d5 e6 8. Be3 exd5 9. cxd5 Re8 10. Nd2 a6 11. a4 Nbd7 12. Be2 h5 13. O-O h4 14.
Bf4 Ne5 15. Bg5 Qb6 16. f4 Qxb2 17. fxe5 Nh7 18. Nc4 Qxc3 19. Rc1 Qg3 20. Bf4 Qxf4 21. Rxf4 dxe5 22. Rf1 Bd7 23. Nb6 Rad8 24. Bg4 Bxg4 25.
Qxg4 Rd6 26. a5 Bh6 27. Rc3 Bd2 28. Rcf3 Ng5 29. Nc4 Nxf3+ 30. Rxf3 Red8 31. Nxd2 b5 32. axb6 Rxb6 33. Qxh4 Rdb8 34. Qe7 R6b7 35. Qxe5 a5 36. Nc4 a4 37. Nd6 Rb1+ 38. Kh2 a3 39. Rxf7 1-0

[Event "Early-Titled-Tuesday-Blitz-July-09-2024"]
[Site "Chess.com"]
[Date "2024.07.09"]
[Round "3"]
[White "sergeikim"]
[Black "Barbix1"]
[Result "1-0"]
[WhiteElo "2593"]
[BlackElo "2362"]
[TimeControl "180+1"]
[EndTime "8:27:42 PDT"]
[Termination "sergeikim won on time"]

1. d4 Nf6 2. c4 g6 3. Nc3 d5 4.
cxd5 Nxd5 5. e4 Nxc3 6. bxc3 Bg7 7. Bc4 O-O 8. Ne2 c5 9. O-O Nc6 10. Be3 b6 11. Qd2 Bb7 12. Rad1 Rc8 13. Bd5 e6 14.
Bxc6 Bxc6 15. Ng3 cxd4 16. cxd4 Bb5 17. Rfe1 Qe7 18. Bh6 Qa3 19. Bxg7 Kxg7 20. Qg5 Kh8 21. Qxb5 Qxa2 22. Qe5+ f6 23. Qf4 a5 24. d5 e5 25. Qe3 b5 26. d6 a4 27. d7 Rcd8 28. Qb6 Qb3 29. Rb1 1-0

[Event "Early-Titled-Tuesday-Blitz-July-09-2024"]
[Site "Chess.com"]
[Date "2024.07.09"]
[Round "3"]
[White "maroro07"]
[Black "Boudicca64"]
[Result "1-0"]
[WhiteElo "2376"]
[BlackElo "1934"]
[TimeControl "180+1"]
[EndTime "8:27:44 PDT"]
[Termination "maroro07 won by checkmate"]

1. d4 Nf6 2. c4 g6 3. Nc3 Bg7 4. e4 d6 5. Nf3 O-O 6. Be2 e5 7. d5 Nfd7 8. g4 f5 9. gxf5 gxf5 10. Ng5 Nf6 11. exf5 Bxf5 12. Be3 c6 13. Qd2 cxd5 14. cxd5 Qa5 15. Rg1 Nbd7 16. Ne6 Rf7 17. Bh6 Bg6 18. Bxg7 Rxg7 19. Nxg7 Kxg7 20. h4 Kf7 21. h5 Bf5 22.
O-O-O Ne4 23. Nxe4 Qxa2 24. Nxd6+ Ke7 25. Nxf5+ Ke8 26.
Rg8+ Kf7 27. Nh6+ Ke7 28. d6+ Ke6 29. Bg4+ Kf6 30. Qg5# 1-0

[Event "Early-Titled-Tuesday-Blitz-July-09-2024"]
[Site "Chess.com"]
[Date "2024.07.09"]
[Round "3"]
[White "PedroGil25"]
[Black "BaylavChess"]
[Result "0-1"]
[WhiteElo "2622"]
[BlackElo "2435"]
[TimeControl "180+1"]
[EndTime "8:27:45 PDT"]
[Termination "BaylavChess won by resignation"]

1. e4 c5 2. Nf3 e6 3. c3 d5 4.
exd5 Qxd5 5. d4 Nf6 6. Be2 Be7 7. O-O O-O 8. Be3 cxd4 9. Nxd4 e5 10. Nb5 Qxd1 11.
Rxd1 Nc6 12. N1a3 Bg4 13. Kf1 Bxe2+ 14. Kxe2 a6 15. Nd6 b5 16. Nc2 Rfd8 17. Nf5 Bf8 18. Bg5 Rxd1 19. Rxd1 Ne4 20. Be3 g6 21. Ng3 Nxg3+ 22.
hxg3 Rd8 23. Rxd8 Nxd8 24. Kd3 f5 25. f3 Kf7 26. c4 Ke6 27. b3 Nb7 28. cxb5 axb5 29.
a4 bxa4 30. bxa4 Kd5 31. Bb6 Bc5 32. Ne3+ Kc6 33. Bd8 Nxd8 34. Nc4 Kd5 35. a5 Nc6 36. a6 Nb4+ 37. Kc3 Nxa6 0-1

[Event "Early-Titled-Tuesday-Blitz-July-09-2024"]
[Site "Chess.com"]
[Date "2024.07.09"]
[Round "3"]
[White "GrotBchess"]
[Black "j_coca"]
[Result "0-1"]
[WhiteElo "2592"]
[BlackElo "2419"]
[TimeControl "180+1"]
[EndTime "8:27:45 PDT"]
[Termination "j_coca won by resignation"]

1. e4 g6 2. d4 Bg7 3. c3 d6 4. Bd3 Nc6 5. Nf3 e5 6. Be3 Bg4 7. d5 Nce7 8. h3 Bd7 9. Nbd2 f5 10. Nf1 Nf6 11. Bg5 O-O 12. N1d2 h6 13. Bxf6 Rxf6 14. c4 c6 15. Rc1 c5 16. h4 b6 17.
h5 g5 18. exf5 Bxf5 19. Bxf5 Nxf5 20. Ne4 Rf7 21. g4 Nd4 22. Nxd4 exd4 23. f3 Qe7 24. Qd3 Raf8 25. Rf1 Qe5 26. Rc2 Rf4 27. Re2 R4f7 28. Nxc5 Qg3+ 29. Kd1 bxc5 30. Ref2 Qf4 31. Re2 Qg3 32.
Ref2 Re7 33. Re2 Rfe8 34. Rxe7 Rxe7 35. Qf5 Qe5 36. Qxe5 Bxe5 37. Re1 Kf7 38. Re4 Bf4 39.
Ke2 Rxe4+ 40. fxe4 Kf6 41. Kd3 Ke5 42. a3 Bc1 43. b4 Bxa3 44. bxc5 Bxc5 0-1

[Event "Early-Titled-Tuesday-Blitz-July-09-2024"]
[Site "Chess.com"]
[Date "2024.07.09"]
[Round "3"]
[White "alreadybroken23"]
[Black "ThanhNghia"]
[Result "1/2-1/2"]
[WhiteElo "2672"]
[BlackElo "2476"]
[TimeControl "180+1"]
[EndTime "8:27:48 PDT"]
[Termination "Game drawn by repetition"]

1. e4 e5 2. Nf3 Nc6 3. Bc4 Be7 4.
O-O Nf6 5. d4 Nxe4 6. dxe5 O-O 7. Re1 Nc5 8. Bf4 d6 9. exd6 Bxd6 10. Bxd6 cxd6 11. Nc3 Be6 12. Bd5 Rc8 13. Qd2 h6 14. Rad1 Bg4 15. h3 Bxf3 16. Bxf3 Ne5 17. Bd5 Qb6 18. Kh2 Qxb2 19. f4 Nc6 20. Ne4 Nxe4 21. Rxe4 Rfe8 22. Rde1 Rxe4 23. Rxe4 Qf6 24. c4 g6 25. a4 Kg7 26. a5 Rc7 27. a6 bxa6 28. Qe3 Ne7 29. Qd3 Rc5 30. Ba8 a5 31. Qb3 Nf5 32.
Bd5 Ne7 33. Ba8 Rc7 34. Qa3 Rc5 35. Qb3 1/2-1/2

[Event "Early-Titled-Tuesday-Blitz-July-09-2024"]
[Site "Chess.com"]
[Date "2024.07.09"]
[Round "3"]
[White "pinelone"]
[Black "eltenedor"]
[Result "1/2-1/2"]
[WhiteElo "2402"]
[BlackElo "2148"]
[TimeControl "180+1"]
[EndTime "8:27:48 PDT"]
[Termination "Game drawn by repetition"]

1. Nf3 b6 2. g3 Bb7 3. Bg2 e6 4. b3 f5 5. O-O Nf6 6. c4 Be7 7. Bb2 O-O 8. Nc3 c5 9. d4 cxd4 10. Nxd4 Bxg2 11. Kxg2 a6 12. Qd3 Qc7 13. Rac1 Nc6 14.
Nf3 Qb7 15. Rfd1 Ne5 16. Qd2 Ne4 17. Nxe4 fxe4 18. Bxe5 exf3+ 19. exf3 Qxf3+ 20. Kg1 Bg5 21. Qxg5 Qxf2+ 22. Kh1 Qf3+ 23. Kg1 Qf2+ 24. Kh1 Qf3+ 25. Kg1 Qf2+ 1/2-1/2